 Dungeon Crawl Stone Soup version 0.27-a0-1565-gad902ab807 (webtiles) character file.

Game seed: 8371414642959717958

21 ezpacito the Skirmisher (level 2, 25/25 HPs)
             Began as a Demonspawn Abyssal Knight on July 17, 2021.
             Was a Follower of Lugonu.
             Quit the game on level 1 of the Dungeon.
             The game lasted 00:00:56 (527 turns).

ezpacito the Skirmisher (Demonspawn Abyssal Knight)  Turns: 527, Time: 00:00:56

Health: 25/25      AC:  3    Str: 12    XL:     2   Next: 62%
Magic:  3/3        EV: 11    Int: 13    God:    Lugonu [*.....]
Gold:   23         SH:  0    Dex: 12    Spells: 1/1 levels left

rFire    . . .     SeeInvis .   a - +1 hand axe
rCold    . . .     Faith    .   (no shield)
rNeg     . . .     Spirit   .   b - +0 leather armour
rPois    .         Reflect  .   (no helmet)
rElec    .         Harm     .   (no cloak)
rCorr    .         Rampage  .   (no gloves)
Will     .....                  (no boots)
Stlth    +.........             (no amulet)
HPRegen  0.08/turn              (no ring)
MPRegen  0.08/turn              (no ring)

@: no status effects
A: hooves 1
a: Renounce Religion, Depart the Abyss


You were on level 1 of the Dungeon.
You worshipped Lugonu.
Lugonu was aware of your devotion.
You visited 1 branch of the dungeon, and saw 1 of its levels.
You visited the Abyss 1 time.

You collected 23 gold pieces.

Inventory:

Hand Weapons
 a - a +1 hand axe (weapon)
Armour
 b - a +0 leather armour (worn)
Jewellery
 d - a ring of willpower
Scrolls
 c - a scroll of identify {unknown}


   Skills:
 + Level 3.7 Fighting
 + Level 1.9 Axes
 + Level 2.0 Armour
 + Level 0.9 Dodging
 + Level 2.5 Invocations


You had one spell level left.
You didn't know any spells.
Your spell library was empty.

Dungeon Overview and Level Annotations

Branches:
Dungeon (1/15)

Altars:


Innate Abilities, Weirdness & Mutations

You have large cloven feet.


Message History

You have reached level 2!
Your demonic ancestry asserts itself...
Your feet thicken and deform.
You barely miss the bat. You kick the bat.
You kill the bat!
Lugonu accepts your kill.
You can now depart the Abyss.
No target in view!
No target in view!
Things that are here:
a +0 club; a bat corpse; a hobgoblin corpse A bat is nearby!
A bat is nearby!
A bat is nearby!
Found a scroll labelled QOIDOGH EFAONECZUGG.
The bat closely misses you. The bat hits you but does no damage.
You hit the bat.
You kill the bat!
Lugonu accepts your kill.
No target in view!
No target in view!
No target in view!
No target in view!
No target in view!
No target in view!
No target in view!
No target in view!
No target in view!
No target in view!
A rat comes into view.
A rat is nearby!
A rat is nearby!
A hobgoblin comes into view.
You hit the rat.
You kill the rat!
Lugonu accepts your kill.
Your Armour skill increases to level 2!
You hit the hobgoblin.
You kill the hobgoblin!
Lugonu accepts your kill.
Are you sure you want to abandon this character and quit the game? (Confirm with "yes".)

.....# #.####.# .#
.. .###.# #.
#.######.##.# .# ..
#...).......# . ...
######...####
#...####.
############........
........?.......###.
................#
......†@..........#
#...............#.#
#...####...######.#
### +..... # #....##
.....# ...#..
##.####


There were no monsters in sight!

Vanquished Creatures
  A gnoll (D:1)
  2 hobgoblins (D:1)
  4 jackals (D:1)
  2 bats (D:1)
  2 rats (D:1)
11 creatures vanquished.

Notes
Turn   | Place    | Note
-------+----------+-------------------------------------------
     0 | Abyss:1  | ezpacito the Demonspawn Abyssal Knight began the quest for
                  | the Orb.
     0 | Abyss:1  | Reached XP level 1. HP: 18/18 MP: 2/2
    37 | Abyss:1  | Found a hazy altar of Hepliaklqana.
    76 | Abyss:1  | Noticed a large abomination
    92 | Abyss:1  | Found a hazy altar of Hepliaklqana.
   114 | Abyss:1  | Noticed a manticore zombie
   130 | D:1      | Escaped the Abyss
   493 | D:1      | Gained mutation: You have large cloven feet. [demonic
                  | ancestry]
   493 | D:1      | Reached XP level 2. HP: 23/25 MP: 3/3
   493 | D:1      | Reached * piety under Lugonu
   527 | D:1      | Quit the game

Illustrated notes

Levels and vault maps discovered:
D:1:      dpeg_arrival_pits, layout_basic, serial_shops,
          nicolae_shop_statue_plus, hellmonk_ecumenical_altar_prayer_group

Skill      XL: |  1  2 |
---------------+-------+-----
Armour         | 2 |  2.0
Fighting       | |  3.7
Axes           | |  1.9
Dodging        | |  0.9
Invocations    | |  2.5

Action                   || total
-------------------------++-------
Melee: Hand axe          ||    22
       Kick              ||     1
Invok: Depart the Abyss  ||     1
Armor: Leather armour    ||     6
Dodge: Dodged            ||    11

Table legend: (Time is in decaauts)
 A = Elapsed time spent in this place.
 B = Non-inter-level travel time spent in this place.
 C = Inter-level travel time spent in this place.
 D = Time resting spent in this place.
 E = Time spent auto-exploring this place.
 F = Levels seen in this place.
 G = Mean time per level.
                   A        B        C        D        E       F      G
               +--------+--------+--------+--------+--------+-----+--------+
         Total |    533 |    533 |      0 |    167 |    267 |   2 |  266.5 |
       Dungeon |    401 |    401 |      0 |    167 |    191 |   1 |  401.0 |
         Abyss |    132 |    132 |      0 |      0 |     76 |   1 |  132.0 |
               +--------+--------+--------+--------+--------+-----+--------+

Top non-repeatable levels by time:
     D:1: 401 daAuts
 Abyss:1: 132 daAuts
